 Dungeon Crawl Stone Soup version 0.21.1-68-g103a7afc0a (webtiles) character file.

8417 Gargoyl the Envoy of Void (level 11, 0/89 HPs)
             Began as a Centaur Abyssal Knight on Aug 2, 2018.
             Was a High Priest of Lugonu.
             Succumbed to a black mamba's poison
             ... on level 1 of the Lair of Beasts.
             The game lasted 00:22:06 (13109 turns).

Gargoyl the Envoy of Void (Centaur Abyssal Knight) Turns: 13109, Time: 00:22:06

Health: 0/89       AC: 15    Str: 16    XL:     11   Next: 9%
Magic:  17/17      EV:  2    Int: 11    God:    Lugonu [*****.]
Gold:   889        SH:  8    Dex: 13    Spells: 10/10 levels left

rFire    . . .     SeeInvis .   i - +3 falchion (elec)
rCold    + . .     Gourm    .   z - +0 shield
rNeg     . . .     Faith    .   r - +0 plate armour {MR+}
rPois    .         Spirit   .   y - +1 helmet
rElec    .         Reflect  .   k - scarf {repulsion}
rCorr    +         Harm     .   D - +0 pair of gloves
MR       +....                  (no barding)
Stlth    ..........             C - amulet of regeneration
HPRegen  0.64/turn              g - ring of resist corrosion
MPRegen  0.15/turn              f - ring of protection from cold

@: lethally poisoned (0 -> -55), repel missiles, very quick
A: large, hooves 3, agile 1, blink, deformed body, speed 2, mutation resistance
1, sense surroundings 1, tough skin 3
a: Blink, Depart the Abyss, Bend Space, Banish, Corrupt, Enter the Abyss,
Renounce Religion


You were on level 1 of the Lair of Beasts.
You worshipped Lugonu.
Lugonu was extremely pleased with you.
You were not hungry.

You visited 2 branches of the dungeon, and saw 12 of its levels.
You visited the Abyss 1 time.

You collected 889 gold pieces.

Inventory:

Hand Weapons
 a - a +1 hand axe
 i - a +3 falchion of electrocution (weapon)
 t - a +2 long sword of freezing
 x - a +4 falchion
 E - a +4 scimitar of flaming
 F - a +2 hand axe of flaming
Missiles
 m - 20 tomahawks (quivered)
Armour
 k - a scarf of repulsion (worn)
 r - a +0 plate armour of magic resistance (worn)
 y - a +1 helmet (worn)
 z - a +0 shield (worn)
 D - a +0 pair of gloves (worn)
Jewellery
 d - an uncursed ring of wizardry {unknown}
 f - a ring of protection from cold (right hand)
 g - a ring of resist corrosion (left hand)
 C - an amulet of regeneration (around neck)
Wands
 e - a wand of flame (16)
 j - a wand of acid (11)
 l - a wand of random effects (53)
 w - a wand of paralysis (23)
Scrolls
 b - 3 scrolls of identify
 o - 6 scrolls of teleportation
 p - 5 scrolls of fear
 s - 2 scrolls of fog
 u - 2 scrolls of remove curse
 A - a scroll of enchant weapon
 B - a scroll of amnesia
Potions
 h - 4 potions of flight
 n - 7 potions of curing
 q - 4 potions of might {unknown}
Books
 v - a book of Frost

   Spells                             Type                      Level
   a - Freeze                         Ice                          1
   b - Throw Frost                    Conjuration/Ice              2
   c - Ozocubu's Armour               Charms/Ice                   3
   d - Throw Icicle                   Conjuration/Ice              4
   e - Summon Ice Beast               Ice/Summoning                4
Comestibles
 c - 27 rations


   Skills:
 + Level 6.1 Fighting
 + Level 7.8 Long Blades
 + Level 3.0 Axes
 + Level 0.5 Throwing
 * Level 8.0 Armour
 + Level 3.4 Dodging
 + Level 1.7 Shields
 * Level 8.2 Invocations


You had 10 spell levels left.
You didn't know any spells.

Dungeon Overview and Level Annotations

Branches:
Dungeon (11/15)            Temple (0/1) D:7            Lair (1/6) D:11
    Orc (0/2) D:11

Altars:
Elyvilon
Hepliaklqana
Makhleb
Ru
Sif Muna
Uskayaw
Vehumet
Xom
Yredelemnul
Zin


Innate Abilities, Weirdness & Mutations

You have hooves in place of feet.
Armour fits poorly on your strangely shaped body.
You cover ground very quickly.
You have extremely tough skin. (AC +3)
You are agile. (Dex +2)
You can translocate small distances at will.
You are somewhat resistant to further mutation.
You passively map a small area around you.


Message History

The black mamba bites you!
* * * LOW HITPOINT WARNING * * *
You are more poisoned.
The black mamba poisons you!
The black mamba bites you but does no damage.
You hit the black mamba but do no damage.
Your kick misses the black mamba.
The black mamba is severely wounded.
* * * LOW HITPOINT WARNING * * *
You feel extremely sick. You block the black mamba's attack. x2
You closely miss the black mamba. You kick the black mamba.
The black mamba is almost dead.
* * * LOW HITPOINT WARNING * * *
You feel very sick.
The black mamba bites you but does no damage. x2
Unknown command.
You barely miss the black mamba.
The black mamba is almost dead.
You die...

* , , * *
♣♣♣ ♣ * ,
♣>♣♣ ♣. ,
♣..♣ ♣./ , ,
♣♣.♣♣ ♣".. *
, ♣♣.♣
♣...♣♣* ,,
♣.♣ **♣.FS♣♣
♣.♣♣ ♣@♣♣ *
♣♣.♣ *♣♣.♣
♣)♣ ♣.♣♣ * ,
♣.♣♣♣ ♣♣.♣ *
♣♣..♣ ♣.♣♣ *
* ♣♣.♣♣♣♣♣♣♣
♣♣.♣ *
♣..♣♣...♣♣
♣.♣♣ *
♣♣..♣.♣♣.♣♣
♣♣)♣ *,
♣♣♣.♣.♣♣♣♣.♣
♣.♣ * , ,


You could see a black mamba and a bullfrog.

Vanquished Creatures
  An efreet (D:11)
  2 trolls (D:11)
  2 hippogriffs (D:9)
  A wraith (D:11)
  A basilisk (Lair:1)
  2 spriggans (Lair:1)
  6 yaks (D:11)
  A hungry ghost (D:7)
  The ghost of Anaz the Cudgeler, an amateur HuSk (D:3)
  Edmund (D:6)
  4 orc warriors
  5 ice beasts
  2 sky beasts
  A black bear (D:11)
  8 ogres
  7 centaurs
  2 crocodiles
  A big kobold (D:11)
  6 bullfrogs
  A water moccasin zombie (D:7)
  4 scorpions
  3 killer bees (D:6)
  8 wights
  2 howler monkeys (D:8)
  4 crimson imps
  A quasit (D:11)
  A bullfrog zombie (D:6)
  2 centaur zombies
  5 orc priests
  A jelly (D:6)
  2 hounds (D:5)
  3 bullfrog skeletons
  4 iguanas
  12 orc wizards
  5 worker ants
  A hound zombie (D:5)
  A hound skeleton (D:9)
  7 gnolls
  11 adders
  3 shadow imps
  An ooze (D:1)
  An adder zombie (D:5)
  2 adder skeletons
  A dart slug (D:3)
  2 leopard geckos
  43 orcs
  2 ball pythons
  4 giant cockroaches
  9 goblins
  6 hobgoblins
  7 jackals
  12 kobolds
  5 quokkas
  4 bats
  6 frilled lizards
  A jackal skeleton (D:4)
  2 leopard gecko skeletons (D:5)
  2 quokka skeletons
  8 rats
253 creatures vanquished.

Vanquished Creatures (others)
  A gargoyle (D:11)
  A hornet (D:11)
  An ogre (D:11)
3 creatures vanquished.

Grand Total: 256 creatures vanquished

Notes
Turn   | Place    | Note
-------+----------+-------------------------------------------
     0 | Abyss:1  | Gargoyl the Centaur Abyssal Knight began the quest for the Orb.
     0 | Abyss:1  | Reached XP level 1. HP: 19/19 MP: 2/2
    94 | Abyss:4  | Found a corrupted altar of Lugonu.
    95 | Abyss:4  | Noticed a green very ugly thing
   115 | Abyss:5  | Entered Level 5 of the Abyss
   128 | Abyss:5  | Noticed a neqoxec
   131 | Abyss:5  | Noticed a large abomination
   135 | Abyss:5  | Noticed a hell knight
   135 | Abyss:5  | Noticed a necromancer
   135 | Abyss:5  | Noticed a hell knight
   135 | Abyss:5  | Noticed a hell knight
   135 | Abyss:5  | Noticed a hell knight
   137 | D:1      | Escaped the Abyss
   420 | D:1      | Reached XP level 2. HP: 26/26 MP: 3/3
  1001 | D:2      | Reached * piety under Lugonu
  1338 | D:2      | Reached XP level 3. HP: 31/31 MP: 4/4
  1733 | D:2      | Noticed a centaur
  1749 | D:2      | Killed a centaur
  1749 | D:2      | Reached skill level 1 in Dodging
  1749 | D:2      | Reached XP level 4. HP: 23/40 MP: 4/6
  2034 | D:3      | Found a glowing silver altar of Zin.
  2034 | D:3      | Found a shimmering altar of Xom.
  2034 | D:3      | Noticed an angel
  2179 | D:3      | Reached XP level 5. HP: 40/46 MP: 7/7
  2348 | D:3      | Noticed Anaz's ghost (amateur HuSk)
  2678 | D:4      | Found a white marble altar of Elyvilon.
  2752 | D:3      | Reached ** piety under Lugonu
  2838 | D:3      | Gained mutation: You passively map a small area around you. [potion of mutation]
  2838 | D:3      | Gained mutation: You are somewhat resistant to further mutation. [potion of mutation]
  2838 | D:3      | Gained mutation: You are agile. (Dex +2) [potion of mutation]
  2838 | D:3      | Gained mutation: You can translocate small distances at will. [potion of mutation]
  2845 | D:3      | HP: 1/46 [Anaz's ghost (10)]
  2896 | D:4      | Paralysed by something for 4 turns
  3804 | D:4      | Reached XP level 6. HP: 8/52 MP: 8/8
  4323 | D:4      | Found a deep blue altar of Sif Muna.
  4478 | D:4      | Identified Sif Muna's Guide on Earth
  4700 | D:5      | Entered Level 5 of the Dungeon
  4924 | D:5      | Noticed an ice beast
  4933 | D:5      | Killed an ice beast
  5030 | D:5      | Reached skill level 1 in Long Blades
  5030 | D:5      | Reached XP level 7. HP: 59/59 MP: 9/9
  5640 | D:5      | Found a hazy altar of Hepliaklqana.
  5666 | D:5      | Reached *** piety under Lugonu
  6227 | D:6      | Found a hide-covered altar of Uskayaw.
  6280 | D:6      | Reached XP level 8. HP: 55/66 MP: 11/11
  6819 | D:6      | Found a radiant altar of Vehumet.
  7072 | D:6      | Noticed Edmund
  7078 | D:6      | Killed Edmund
  7078 | D:6      | Reached skill level 5 in Invocations
  7456 | D:7      | Found a staircase to the Ecumenical Temple.
  7527 | D:7      | Reached skill level 5 in Armour
  8152 | D:3      | Reached skill level 5 in Long Blades
  8152 | D:3      | Reached XP level 9. HP: 65/72 MP: 13/13
  8155 | D:3      | Killed Anaz's ghost
  8471 | D:8      | Reached **** piety under Lugonu
  9183 | D:8      | Found a basalt altar of Yredelemnul.
  9314 | D:9      | Reached skill level 5 in Fighting
 10135 | D:9      | Found a hide-covered altar of Uskayaw.
 10135 | D:9      | Found a burning altar of Makhleb.
 10361 | D:10     | Entered Level 10 of the Dungeon
 10444 | D:10     | Reached XP level 10. HP: 80/81 MP: 15/15
 11384 | D:11     | Found a sacrificial altar of Ru.
 11469 | D:11     | Found a staircase to the Lair.
 11485 | D:11     | Reached ***** piety under Lugonu
 11618 | Lair:1   | Entered Level 1 of the Lair of Beasts
 11884 | D:11     | Reached skill level 1 in Shields
 12000 | D:11     | Found a staircase to the Orcish Mines.
 12398 | D:11     | Noticed a gargoyle
 12405 | D:11     | Reached XP level 11. HP: 20/89 MP: 17/17
 13109 | Lair:1   | Succumbed to a black mamba's poison

Skill      XL: |  1  2  3  4  5  6  7  8  9 10 11 |
---------------+----------------------------------+-----
Axes           | 2 3 |  3.0
Armour         | 2 3 4 5 6 7 8 |  8.0
Dodging        | 1 2 3 |  3.4
Invocations    | 3 4 5 6 8 |  8.2
Fighting       | 4 5 6 |  6.1
Long Blades    | 1 2 5 6 7 |  7.8
Shields        | 1 |  1.7
Throwing       | |  0.5

Action                   |  1- 3 |  4- 6 |  7- 9 | 10-12 || total
-------------------------+-------+-------+-------+-------++-------
Melee: Hand axe          |    91 |    53 |       |       ||   144
       Kick              |    12 |    32 |    95 |    94 ||   233
       Falchion          |       |    83 |   309 |   301 ||   693
Throw: Tomahawk          |       |     3 |     4 |       ||     7
Invok: Depart the Abyss  |     1 |       |       |       ||     1
       Bend Space        |       |     2 |       |       ||     2
       Banish            |       |       |       |     4 ||     4
  Use: Scroll            |     5 |     4 |     7 |       ||    16
       Potion            |     3 |     4 |     3 |       ||    10
 Stab: Invisible         |     1 |       |       |       ||     1
  Eat: Ration            |       |     2 |     2 |     1 ||     5
       Chunk             |       |     4 |    13 |     6 ||    23
Armor: Ring mail         |    58 |    86 |   153 |       ||   297
       Skin              |       |       |     3 |       ||     3
       Plate armour      |       |       |    11 |   180 ||   191
Dodge: Dodged            |    49 |    77 |   168 |    22 ||   316
       Deflected         |       |     5 |     2 |     1 ||     8
Block: Shield            |       |       |       |   113 ||   113
       Rpst.: Falchion   |       |    13 |    63 |     5 ||    81
